 Dungeon Sprint DCSS version 0.27.1-1-g398f81649c (webtiles) character file.

Game seed: 11795045401356951877

5381 ugugthedestroyer the Carver (level 10, 0/100 HPs)
             Began as a Hill Orc Fighter on Sept 7, 2021.
             Was the Champion of Beogh.
             Slain by a sixfirhy (12 damage)
             ... summoned by a kobold demonologist
             ... in the Dungeon (Sprint VII: "The Pits").
             The game lasted 00:07:00 (1824 turns).

ugugthedestroyer the Carver (Hill Orc Fighter)      Turns: 1824, Time: 00:07:01

Health: 0/100      AC: 18    Str: 23    XL:     10   Next: 66%
Magic:  10/10      EV: 12    Int:  8    God:    Beogh [******]
Gold:   0          SH: 13    Dex: 10    Spells: 9/9 levels left

rFire    . . .     SeeInvis .   s - +3 scimitar (flame)
rCold    . . .     Faith    .   c - +0 kite shield
rNeg     . . .     Spirit   .   p - +3 chain mail
rPois    .         Reflect  .   (no helmet)
rElec    .         Harm     .   (no cloak)
rCorr    .         Rampage  .   (no gloves)
Will     .....     NoTele   +   (no boots)
Stlth    ..........             (no amulet)
HPRegen  0.26/turn              d - +3 ring of protection
MPRegen  0.12/turn              g - +3 ring of evasion

@: mighty
A: walk on water
a: Renounce Religion, Smiting, Recall Orcish Followers, Give Item to Named
Follower, Resurrection


You were in the Dungeon.
You worshipped Beogh.
Beogh was exalted by your worship.
You visited 1 branch

Inventory:

Hand Weapons
 a - a +0 long sword
 k - a +2 falchion
 o - a +1 long sword of flaming
 s - a +3 scimitar of flaming (weapon)
Armour
 c - a +0 kite shield (worn)
 l - a +0 cloak
 p - a +3 chain mail (worn)
 q - a +4 scale mail
Jewellery
 d - a +3 ring of protection (left hand)
 g - a +3 ring of evasion (right hand)
Scrolls
 j - a scroll of blinking
 m - 5 scrolls of amnesia
 n - a scroll of summoning
Potions
 e - 7 potions of curing
 h - 4 potions of magic
 i - 4 potions of berserk rage


   Skills:
 + Level 12.7 Fighting
 + Level 14.8 Long Blades
 + Level 13.3 Armour
 + Level 3.3 Dodging
 - Level 2.2 Stealth
 + Level 13.3 Shields
 + Level 0.7 Invocations


You had 9 spell levels left.
You didn't know any spells.
Your spell library was empty.

Dungeon Overview and Level Annotations

Branches:
Dungeon (1/1)

Altars:
Ashenzari
Cheibriados
Dithmenos
Elyvilon
Fedhas
Gozag
Hepliaklqana
Kikubaaqudgha
Makhleb
Nemelex Xobeh
Okawaru
Qazlal
Ru
Sif Muna
Trog
Uskayaw
Vehumet
Wu Jian
Xom
Yredelemnul
Zin
The Shining One
Beogh
Jiyva
Lugonu


Message History

You barely miss the sixfirhy.
The sixfirhy is lightly wounded.
You block the sixfirhy's attack. The sixfirhy misses you.
You riposte.
Your chain mail prevents you from hitting the sixfirhy.
The sixfirhy is lightly wounded.
The lindwurm breathes flames at you. The blast of flame hits you!
* * * LOW HITPOINT WARNING * * *
The blast of flame hits Wardok!!!
Wardok dies!
You feel better. You block the sixfirhy's attack. The lindwurm bites you.
You block the lindwurm's attack.
The lindwurm claws you but does no damage.
Unknown command.
You feel very mighty all of a sudden.
The lindwurm bites you but does no damage.
The lindwurm closely misses you. x2
You slice the sixfirhy!! You burn the sixfirhy.
The sixfirhy is heavily wounded.
The sixfirhy closely misses you.
You riposte.
You miss the sixfirhy.
The sixfirhy is heavily wounded.
The lindwurm bites you but does no damage.
You block the lindwurm's attack.
The lindwurm claws you but does no damage.
You completely miss the sixfirhy.
The sixfirhy is heavily wounded.
You block the sixfirhy's attack. The sixfirhy hits you.
The sixfirhy shocks you!
* * * LOW HITPOINT WARNING * * *
The sixfirhy hits you but does no damage.
Unknown command.
You feel better. The sixfirhy hits you.
* * * LOW HITPOINT WARNING * * *
The sixfirhy shocks you!
* * * LOW HITPOINT WARNING * * *
The sixfirhy hits you but does no damage.
The sixfirhy hits you.
* * * LOW HITPOINT WARNING * * *
The sixfirhy shocks you!
You die...

...#..#......#
.............+
.............+
...#..#......#
.............#
'#####''######
....##''################
....##........[o#kK....#
....##.........o@3K....#
<...##..#####..)#####+##
....##..+ #......
....##..# #.......
....##..# #.#####..
######..#####.+†..# .
######........#)..+
....##..).....#§..#
..[[###+###...#.§.#


You could see a lindwurm (catching breath, ally target), a kobold demonologist,
a sixfirhy (summoned), a kobold brigand, a friendly orc priest and a friendly
orc wizard.

Vanquished Creatures
  2 boulder beetles (D)
  Pikel (D)
  A molten gargoyle (D)
  A cane toad (D)
  A rime drake (D)
  An unseen horror (D)
  An efreet (D)
  A merfolk (D)
  A spriggan (D)
  A wraith (D)
  Eustachio (D)
  3 vampire mosquitoes (D)
  3 wargs (D)
  A floating eye (D)
  Purgy (D)
  4 lemures (D)
  A phantom (D)
  A kobold brigand (D)
  2 crimson imps (D)
  3 orc wizards (D)
  A gnoll (D)
  A river rat (D)
  A white imp (D)
  3 orcs (D)
  A bat zombie (D)
  An endoplasm (D)
  A ball python (D)
  A ball python skeleton (D)
  A frilled lizard (D)
  A jackal zombie (D)
  A quokka skeleton (D)
44 creatures vanquished.

Vanquished Creatures (collateral kills)
  A smoke demon (D)
  A kobold demonologist (D)
  A hound (D)
3 creatures vanquished.

Vanquished Creatures (others)
  An orc priest (D)
  2 orcs (D)
3 creatures vanquished.

Grand Total: 50 creatures vanquished

Notes
Turn   | Place    | Note
-------+----------+-------------------------------------------
     0 | D        | ugugthedestroyer the Hill Orc Fighter began the quest for
                  | the Orb.
     0 | D        | Reached XP level 1. HP: 19/19 MP: 1/1
    44 | D        | Found a bloodstained altar of Trog.
    44 | D        | Found a shimmering blue altar of Sif Muna.
    44 | D        | Found a viscous altar of Jiyva.
    44 | D        | Found a hazy altar of Hepliaklqana.
    44 | D        | Found an opulent altar of Gozag.
    45 | D        | Found a glowing golden altar of the Shining One.
    45 | D        | Found a glowing silver altar of Zin.
    45 | D        | Found a basalt altar of Yredelemnul.
    45 | D        | Found a shimmering altar of Xom.
    45 | D        | Found an ornate altar of the Wu Jian Council.
    45 | D        | Found a sacrificial altar of Ru.
    45 | D        | Found a stormy altar of Qazlal.
    45 | D        | Found an iron altar of Okawaru.
    45 | D        | Found a sparkling altar of Nemelex Xobeh.
    45 | D        | Found a burning altar of Makhleb.
    45 | D        | Found a blossoming altar of Fedhas.
    45 | D        | Found a white marble altar of Elyvilon.
    45 | D        | Found a shadowy altar of Dithmenos.
    45 | D        | Found a snail-covered altar of Cheibriados.
    47 | D        | Found a radiant altar of Vehumet.
    47 | D        | Found a corrupted altar of Lugonu.
    47 | D        | Found a roughly hewn altar of Beogh.
    48 | D        | Found a hide-covered altar of Uskayaw.
    48 | D        | Found an ancient bone altar of Kikubaaqudgha.
    48 | D        | Found a broken altar of Ashenzari.
    57 | D        | Became a worshipper of Beogh the Brigand
   184 | D        | Noticed a floating eye
   185 | D        | Paralysed by a floating eye for 4 turns
   189 | D        | Reached * piety under Beogh
   194 | D        | Killed a floating eye
   195 | D        | Reached skill level 4 in Long Blades
   195 | D        | Reached XP level 2. HP: 31/31 MP: 2/2
   195 | D        | Reached XP level 3. HP: 38/38 MP: 3/3
   195 | D        | Reached XP level 4. HP: 45/45 MP: 4/4
   211 | D        | Reached ** piety under Beogh
   212 | D        | Reached XP level 5. HP: 49/52 MP: 5/5
   301 | D        | Noticed a warg
   301 | D        | Noticed a phantom
   311 | D        | Reached *** piety under Beogh
   312 | D        | Killed a phantom
   313 | D        | Reached skill level 5 in Long Blades
   315 | D        | Reached skill level 1 in Stealth
   319 | D        | Reached XP level 6. HP: 30/61 MP: 6/6
   322 | D        | Killed a warg
   322 | D        | Reached **** piety under Beogh
   323 | D        | Reached skill level 6 in Long Blades
   516 | D        | Noticed a warg
   527 | D        | Killed a warg
   528 | D        | Reached skill level 7 in Long Blades
   705 | D        | Noticed a cane toad
   711 | D        | Killed a cane toad
   711 | D        | Reached ***** piety under Beogh
   712 | D        | Reached skill level 9 in Long Blades
   712 | D        | Reached skill level 1 in Dodging
   712 | D        | Reached XP level 7. HP: 48/70 MP: 7/7
   853 | D        | Noticed Purgy
   867 | D        | Killed Purgy
   885 | D        | Noticed a warg
   885 | D        | Noticed a molten gargoyle
   885 | D        | Noticed a wraith
   893 | D        | Killed a warg
   894 | D        | Reached skill level 10 in Long Blades
   894 | D        | Reached skill level 10 in Armour
   894 | D        | Reached XP level 8. HP: 68/79 MP: 8/8
   900 | D        | Killed a wraith
   901 | D        | Reached skill level 10 in Fighting
   901 | D        | Reached skill level 10 in Shields
   908 | D        | HP: 2/79 [molten gargoyle/bolt of magma (23)]
   913 | D        | HP: 3/79 [molten gargoyle/bolt of magma (23)]
   920 | D        | Killed a molten gargoyle
   921 | D        | Reached skill level 11 in Long Blades
   924 | D        | Found the +8 glaive of the Guard {elec, spectral, AC+5}
  1095 | D        | Killed an unseen horror
  1096 | D        | Reached XP level 9. HP: 27/86 MP: 9/9
  1343 | D        | Noticed a boulder beetle
  1345 | D        | Noticed Pikel
  1406 | D        | Killed Pikel
  1407 | D        | Reached skill level 12 in Long Blades
  1413 | D        | Noticed an efreet
  1423 | D        | Killed a boulder beetle
  1424 | D        | Reached skill level 13 in Long Blades
  1432 | D        | Killed an efreet
  1432 | D        | Reached ****** piety under Beogh
  1441 | D        | Noticed a merfolk
  1441 | D        | Noticed a rime drake
  1446 | D        | Killed a rime drake
  1447 | D        | Reached XP level 10. HP: 50/97 MP: 10/10
  1634 | D        | Noticed a boulder beetle
  1634 | D        | Noticed Eustachio
  1649 | D        | Killed a boulder beetle
  1650 | D        | Reached skill level 14 in Long Blades
  1662 | D        | Killed Eustachio
  1784 | D        | Noticed a smoke demon
  1791 | D        | Gained Wardok as an ally
  1793 | D        | Killed a smoke demon
  1798 | D        | Noticed a lindwurm
  1798 | D        | Noticed a kobold demonologist
  1798 | D        | Noticed a kobold demonologist
  1804 | D        | Noticed a sixfirhy
  1805 | D        | Noticed a sixfirhy
  1808 | D        | Killed a kobold demonologist
  1819 | D        | Your ally Wardok died
  1824 | D        | Slain by a sixfirhy

Illustrated notes

Levels and vault maps discovered:
D:        pitsprint [storerooms_1, entrance_room_1, metal_vault_8, armoury_2,
          mini_pit_1, grid_room_1, main_hall_1, silver_pit, the_coven_3,
          the_vestibule_1, steel_vault_3, golden_pit, hallway_of_sentries,
          crystal_vault_2, iron_vault_2, final_vault]

Skill      XL: |  1  2  3  4  5  6  7  8  9 10 |
---------------+-------------------------------+-----
Fighting       | 6 7 9 10 11 12 | 12.7
Long Blades    | 4 5 9 10 11 13 14 | 14.8
Armour         | 6 7 9 10 11 12 13 | 13.3
Shields        | 6 7 9 10 12 13 | 13.3
Stealth        | 1 2 |  2.2
Dodging        | 1 2 3 |  3.3
Invocations    | |  0.7

Action                   |  1- 3 |  4- 6 |  7- 9 | 10-12 || total
-------------------------+-------+-------+-------+-------++-------
Melee: Falchion          |    11 |    18 |       |       ||    29
       Long sword        |     1 |    43 |   133 |       ||   177
       Scimitar          |       |       |     4 |    53 ||    57
Invok: Smiting           |       |       |       |     1 ||     1
       Give Item to Name |       |       |       |     1 ||     1
  Use: Potion            |       |     2 |    13 |     4 ||    19
 Stab: Invisible         |       |     2 |     2 |       ||     4
Armor: Scale mail        |     3 |     6 |       |       ||     9
       Chain mail        |       |    46 |    71 |    27 ||   144
Dodge: Dodged            |     2 |    12 |    54 |    28 ||    96
Block: Kite shield       |     2 |    42 |    86 |    39 ||   169
       Rpst.: Long sword |       |     5 |    14 |       ||    19
       Scimitar          |       |       |     2 |     9 ||    11
